AoeStats
← [AirBo]一大包

MegaRandom

507493510Analyzed
3v3 RM · 12d ago on Sep 18, 2026· 46m 28s· 6 players
Game mode
Random Map
Map size
Normal (6 player)
Population
200
Speed
Normal
Resources
Standard
Victory
Conquest
Starting age
Dark Age
Ending age
Imperial Age
RankedLock teamsTeams togetherTeam positionsShared explorationLock speedFull tech treeHidden civsTurbo modeCheats
Victory
Defeat
🇺🇸 Aztecs · United States
1620
+16
🇫🇷 Franks · France
1618
+16
🇹🇷 Mongols · Türkiye
1565
+19
🇹🇼 Jurchens · Taiwan
1649
-18
🇹🇼 Inca · Taiwan
1630
-17
🇹🇼 Tupi · Taiwan
1598
-16
Koti
6:33 Loom
8:54 Feudal Age
10:04 Double-Bit Axe
16:12 Wheelbarrow
19:59 Castle Age
18:37 Gold Mining
20:22 Scale Barding Armor
20:45 Husbandry
21:23 Chain Barding Armor
21:20 Bow Saw
28:27 Forging
34:33 Devotion
37:30 Hand Cart
41:56 Imperial Age
42:40 Iron Casting
41:57 Cavalier
43:05 Conscription
43:29 Plate Barding Armor
42:55 Fletching
43:21 Chivalry
43:22 Paladin
45:23 Gold Shaft Mining
46:22 Blast Furnace
Chris
10:10 Loom
11:56 Feudal Age
13:22 Town Watch
16:09 Castle Age
14:57 Double-Bit Axe
14:53 Horse Collar
17:38 Bow Saw
19:57 Fletching
20:16 Crossbowman
22:16 Bodkin Arrow
30:18 Ballistics
30:34 Wheelbarrow
34:07 Imperial Age
33:54 Scale Mail Armor
34:05 Forging
36:18 Chain Mail Armor
36:39 Iron Casting
36:19 Squires
37:09 Arbalester
37:55 Bracer
38:13 Padded Archer Armor
39:18 Chemistry
39:16 Onager
41:57 Siege Engineers
43:20 Padded Archer Armor
45:13 Leather Archer Armor
44:34 Siege Onager
LonzoWall
5:50 Loom
8:09 Feudal Age
10:21 Double-Bit Axe
19:44 Castle Age
18:16 Gold Mining
19:00 Forging
20:24 Bloodlines
21:22 Fletching
22:10 Bodkin Arrow
22:58 Horse Collar
23:32 Bow Saw
24:39 Husbandry
26:40 Padded Archer Armor
32:58 Ballistics
39:33 Imperial Age
38:03 Thumb Ring
40:18 Bracer
41:23 Chemistry
42:04 Parthian Tactics
41:12 Heavy Cavalry Archer
43:07 Leather Archer Armor
[AirBo]一大包
9:27 Feudal Age
10:05 Feudal Age
13:44 Castle Age
12:09 Double-Bit Axe
12:07 Horse Collar
13:47 Gold Mining
15:57 Heavy Plow
16:09 Bow Saw
15:48 Champi Runner
16:55 Squires
17:51 Scale Mail Armor
17:39 Loom
20:28 Forging
20:00 Champi Warrior
21:46 Chain Mail Armor
35:10 Imperial Age
34:51 Sanctity
36:14 Block Printing
36:43 Illumination
38:08 Redemption
37:23 Pikeman
39:04 Halberdier
40:22 Iron Casting
40:17 Plate Mail Armor
39:47 Arson
41:38 Padded Archer Armor
41:31 Fletching
42:02 Elite Skirmisher
43:45 Blast Furnace
43:46 Theocracy
43:58 Andean Sling
44:18 Conscription
44:25 Bodkin Arrow
44:45 Leather Archer Armor
甜心包
6:15 Loom
8:28 Feudal Age
9:42 Double-Bit Axe
20:17 Scale Barding Armor
22:38 Castle Age
21:08 Horse Collar
21:53 Bloodlines
21:58 Forging
22:53 Light Cavalry
23:33 Husbandry
24:35 Chain Barding Armor
25:04 Wheelbarrow
31:35 Iron Casting
35:53 Town Watch
43:18 Hand Cart
47:53 Imperial Age
[AirBo]出氣包
9:08 Loom
11:08 Feudal Age
15:22 Castle Age
13:59 Fletching
16:03 Bodkin Arrow
18:11 Double-Bit Axe
20:08 Padded Archer Armor
24:53 Bow Saw
24:49 Gold Mining
26:09 Ballistics
27:21 Leather Archer Armor
28:49 Horse Collar
29:03 Stone Mining
35:27 Imperial Age
36:10 Bracer
40:23 Chemistry
42:36 Ring Archer Armor
43:17 Elite Blackwood Archer
Connection lost

Rejoining the realm…

Still unreachable

The connection could not be restored.

Session expired

The server has moved on; the page needs a fresh start.